 Dungeon Crawl Stone Soup version 0.29.1-2-gbd0b4ee654 (webtiles) character file.

Game seed: 4703196547300961306

51 DemonSlayer the Digger (level 3, 0/24 HPs)
             Began as a Demonspawn Earth Elementalist on Nov 25, 2022.
             Succumbed to a kobold's poison
             ... on level 2 of the Dungeon.
             The game lasted 00:04:09 (1242 turns).

DemonSlayer the Digger (DsEE)                       Turns: 1242, Time: 00:04:09

Health: 0/24       AC:  4    Str: 10    XL:     3   Next: 57%
Magic:  0/7        EV: 12    Int: 16    God:
Gold:   87         SH:  0    Dex: 13    Spells: 1/7 levels left

rFire   . . .      SeeInvis .   d - +0 falchion
rCold   . . .      Faith    .   (no shield)
rNeg    . . .      Spirit   .   a - +0 robe
rPois   .          Reflect  .   i - +1 helmet
rElec   .          Harm     .   (no cloak)
rCorr   .          Rampage  .   (no gloves)
Will    .....                   (no boots)
Stlth   ++........              (no amulet)
HPRegen 0.08/turn               (no ring)
MPRegen 0.10/turn               (no ring)

@: lethally poisoned (0 -> -11), hasted, very quick
A: weakness stinger 2
a: no special abilities


You were on level 2 of the Dungeon.
You visited 1 branch of the dungeon, and saw 2 of its levels.

You collected 87 gold pieces.

Inventory:

Hand Weapons
 c - a +0 dagger
 d - a +0 falchion (weapon)
Armour
 a - a +0 robe (worn)
 i - a +1 helmet (worn)
Potions
 b - 2 potions of haste
 e - a potion of curing {unknown}
 f - a potion of flight {unknown}
 g - a potion of magic
 j - a potion of lignification {unknown}


   Skills:
 + Level 0.1 Fighting
 + Level 1.9 Dodging
 + Level 2.1 Stealth
 + Level 2.7 Spellcasting
 + Level 0.8 Transmutations
 + Level 3.4 Earth Magic


You had one spell level left.
You knew the following spells:

 Your Spells              Type           Power      Damage    Failure   Level
a - Sandblast             Erth           26%        2d8       4%          1
b - Stone Arrow           Conj/Erth      14%        3d7       28%         3
c - Passwall              Tmut/Erth      7%         N/A       12%         2

Your spell library contained the following spells:

 Spells                   Type           Power      Damage    Failure   Level
 Wereblood                Tmut           4%         N/A       21%         2
 Sublimation of Blood     Necr           2%         N/A       28%         2
 Petrify                  Tmut/Erth      9%         N/A       63%         4
 Cause Fear               Hex            1%         N/A       88%         4
 Dragon Form              Tmut           2%         N/A       100%        7
 Summon Hydra             Summ           1%         N/A       100%        7
 Dragon's Call            Summ           1%         N/A       100%        9


Dungeon Overview and Level Annotations

Branches:
Dungeon (2/15)

Altars:


Innate Abilities, Weirdness & Mutations

You have a tail ending in a sharp stinger.


Message History

The kobold closely misses you.
The blast of sand hits the kobold!
You kill the kobold!
The blast of sand misses the kobold.
The blast of sand hits the kobold.
You kill the kobold!
The kobold hits you with a +0 dagger. x2
The blast of sand hits the kobold!
You kill the kobold!
The kobold throws a stone.
The stone closely misses you. The kobold hits you but does no damage.
You are poisoned.
The blast of sand misses the kobold.
You feel very sick. The kobold closely misses you.
The kobold throws a stone.
The stone barely misses you. The kobold hits you but does no damage.
You are more poisoned.
The blast of sand hits the kobold!
You kill the kobold!
You feel very sick. The kobold completely misses you.
The kobold throws a stone.
The stone barely misses you.
The blast of sand hits the kobold.
The kobold is severely wounded.
You feel very sick. The kobold closely misses you. The kobold misses you.
The kobold hits you with a +0 club.
Unknown command.
As you read the scroll labelled SAC NIEH RAOCE, it crumbles to dust.
It is a scroll of enchant armour.
Your +0 helmet glows green for a moment.
You feel sick. The kobold hits you but does no damage.
You are lethally poisoned!
The kobold barely misses you.
It was a potion of haste.
You feel yourself speed up.
* * * LOW HITPOINT WARNING * * *
You feel very sick. The kobold misses you.
The kobold hits you but does no damage.
* * * LOW HITPOINT WARNING * * *
You feel sick.
You die...

#.#########.#
##.###.....#.#
#...##.###.#.# #...##.#
#.#.# .####...##.###.#.#
..............>#.#
.######.......†>.#
...........###.##########
######..@...............#
### ##.######.########.#
..K. #..# #.# #..
..$..##KK# #.# #..
.K....').# #.# #..
.KK...)..# #.# #..
......'.## #.########..
.....##.# #.........^.
....# ### #.########.#


You could see a kobold.

Vanquished Creatures
  An adder (D:2)
  3 dart slugs (D:1)
  3 endoplasms
  3 giant cockroaches (D:1)
  3 hobgoblins (D:1)
  9 kobolds
  2 ball pythons
  A bat (D:1)
  2 frilled lizards (D:1)
  4 goblins (D:1)
  3 rats
34 creatures vanquished.

Vanquished Creatures (others)
  2 fungi (D:1)
  3 plants (D:1)
  6 toadstools (D:2)
11 creatures vanquished.

Grand Total: 45 creatures vanquished

Notes
Turn   | Place    | Note
-------+----------+-------------------------------------------
     0 | D:1      | DemonSlayer the Demonspawn Earth Elementalist began the
                  | quest for the Orb.
     0 | D:1      | Reached XP level 1. HP: 13/13 MP: 3/3
   452 | D:1      | Found a faded altar of an unknown god.
   475 | D:1      | Reached skill level 3 in Earth Magic
   475 | D:1      | Gained mutation: You have a small tail. [demonic ancestry]
   475 | D:1      | Reached XP level 2. HP: 19/19 MP: 0/5
   786 | D:1      | Gained mutation: You have a tail ending in a sharp stinger.
                  | [demonic ancestry]
   786 | D:1      | Reached XP level 3. HP: 24/24 MP: 1/6
   790 | D:1      | Learned a level 3 spell: Stone Arrow
   793 | D:1      | Learned a level 2 spell: Passwall
  1242 | D:2      | Succumbed to a kobold's poison

Illustrated notes

Levels and vault maps discovered:
D:1:      dpeg_arrival_windows_large_door, layout_rooms,
          shapermc_ecumenical_altar_mp_ritualfount, chequers_serial_rivers_marsh
D:2:      cheibrodos_fertilizer, layout_basic, minmay_tripent

Skill      XL: |  1  2 |
---------------+-------+-----
Earth Magic    | 3 |  3.4
Stealth        | 2 |  2.1
Fighting       | |  0.1
Dodging        | |  1.9
Spellcasting   | |  2.7
Transmutations | |  0.8

Action                   || total
-------------------------++-------
Melee: Dagger            ||     6
       Falchion          ||     7
       Tailslap          ||     1
 Cast: Sandblast         ||    45
  Use: Potion            ||     2
       Scroll            ||     1
Armor: Robe              ||    12
Dodge: Dodged            ||    24
